cohdb
Replays
Latest Replays
All Replays
Popular Replays
Top Player Replays
Match Explorer
How It Works
Community
CoH3 Stats
Reddit
Sign in to upload your games and track your stats! →
Sign in with Steam
Match 45438919
Unlisted
Match 45438919
Overview
Messages
Build Orders
End
Construct Section Command Post
Selects Indian Artillery Battlegroup
Infantry Section
Dingo Light Scout Car
Infantry Section
Infantry Section
Grenade Package
Construct Platoon Command Post
6-pounder Anti-tank Gun Team
Infantry Training
Vickers Machine Gun Team
Selects Towed ML 4.2-inch Heavy Mortar
Selects Valour
Towed ML 4.2-inch Heavy Mortar
Light Vehicle Training
Team Weapon Training
6-pounder Anti-tank Gun Team
Construct Company Command Post
CMP 15cwt Truck
6-pounder Anti-tank Gun Team
Selects Gurkha Rifles Section
Selects Volunteer Infantry
Unlock Towed 17-pounder Anti-tank Guns
MähnGiL
차니
Jagerr ♛
pm★Elijah
Boneless
BazookaJoe
Jeremy
JT
0
0
Comments
sign in to comment!
No comments posted yet!